Map: Submarine LE

Players

A.I. 1 (Elite) - Winner!

  • Race: Zerg Zerg
  • Spawn Location: 11:00

Rescue

  • Race: Zerg Zerg
  • League: Master
  • Spawn Location: 5:00

VOD

Have the link to the VOD?

Description

Time

  • Played on: March 30, 2021, 3:22 p.m.
  • Length: 4:26
Show
View Real Time Build Order
Export as new Build Order

A.I. 1 (Elite) Zerg - Winner!

Build Orders: Pool First 

Get SALT Encoding   

  12  0:00  Drone  
  13  0:12  Overlord  
  13  0:16  Drone  
  14  0:31  Drone x2  
  16  0:42  Spawning Pool  
  15  0:45  Drone  
  15  0:49  Drone  
  17  1:11  Hatchery  
  17  1:13  Drone  
  17  1:16  Extractor  
  17  1:18  Drone  
  17  1:22  Drone  
  18  1:28  Drone  
  19  1:38  Overlord  
  19  1:48  Queen  
  19  1:49  Drone  
  22  2:00  Zergling x2  
  23  2:11  Zergling x2  
  23  2:21  Drone  
  23  2:24  Zergling x2  
  23  2:32  Drone  
  23  2:36  Drone  
  25  2:43  Drone  
  25  2:52  Queen  
  25  2:56  Drone  
  27  2:59  Zergling x2  
  27  3:11  Roach Warren  
  26  3:12  Extractor  
  26  3:14  Zergling x2  
  26  3:17  Drone  
  27  3:21  Zergling x2  
  26  3:30  Queen  
  27  3:35  Drone  
  27  3:40  Overlord  
  27  3:45  Drone  
  27  3:47  Drone  
  29  3:51  Drone  
  29  3:55  Zergling x2  
  30  3:59  Drone  
  30  4:02  Drone  
  32  4:06  Zergling x2  
Show
View Real Time Build Order
Export as new Build Order

Rescue Zerg 

Build Orders: Pool First 

Get SALT Encoding   

  12  0:16  Spawning Pool  
  11  0:22  Drone  
  11  0:26  Drone  
  13  0:30  Drone  
  14  0:40  Overlord  
  14  1:04  Zergling x4  
  16  1:05  Zergling x2  
  17  1:15  Zergling x2  
  18  1:18  Hatchery  
  17  1:26  Zergling x2  
  17  1:32  Extractor  
  17  1:35  Queen  
  19  1:41  Drone  
  20  1:48  Drone  
  21  1:59  Overlord  
  21  2:14  Zergling x2  
  22  2:20  Zergling x2  
  23  2:24  Queen  
  25  2:30  Zergling x2  
  25  2:35  Metabolic Boost  
  26  2:38  Zergling x2  
  26  2:42  Zergling x2  
  28  2:46  Zergling x2  
  28  2:53  Overlord  
  28  2:58  Zergling x2  
  29  3:04  Zergling x4  
  31  3:09  Zergling x2  
  33  3:12  Zergling x2  
  33  3:18  Zergling x2  
  33  3:22  Zergling x2  
  33  3:23  Zergling x2  
  33  3:26  Zergling x2  
  36  3:31  Zergling x2  
  38  3:34  Zergling x2  
  38  3:37  Zergling x2  
  39  3:47  Zergling x4  
  41  3:52  Overlord  
  41  4:00  Zergling x4  
  43  4:03  Zergling x2  
Tags
 
League
Master
Matchup
ZvZ
Race
Zerg
Spawn Locations
Cross Positions
Add a new tag
Caveats
  • Supply blocks, unpowered buildings, or Contaminate may cause inaccurate times.
  • Supply counts are checked every 10 seconds.